Match 47407718
Unlisted

Match 47407718
End
Panzergrenadier Squad
Panzergrenadier Squad
Panzergrenadier Squad
Construct Light Support Kompanie
Fire Support Elements
Selects Armored Support Battlegroup
Selects Veteran Gunners
le.IG 18 Support Gun Team
2.5-tonne Medical Truck
Flakvierling Half-track
Panzergrenadier Squad
AI Takeover
gleison-luan
ConcernedApe
bobidog101
EcchiMiku
0
0

Comments sign in to comment!

No comments posted yet!